 Dungeon Crawl Stone Soup version 0.29.1-2-gbd0b4ee654 (webtiles) character file.

Game seed: 11105671846932748245

170 jamestheduck25 the Shooter (level 5, -2/41 HPs)
             Began as a Formicid Hunter on Nov 18, 2022.
             Was an Initiate of Gozag.
             Slain by an adder (3 damage)
             ... on level 4 of the Dungeon.
             The game lasted 00:06:08 (2527 turns).

jamestheduck25 the Shooter (Formicid Hunter)        Turns: 2527, Time: 00:06:11

Health: -2/41      AC:  3    Str: 14 (16) XL:     5   Next: 80%
Magic:  5/5        EV: 12    Int:  6 (8)  God:    Gozag
Gold:   237        SH:  0    Dex: 14 (17) Spells: 4/4 levels left

rFire   . . .      SeeInvis +   a - +1 shortbow
rCold   . . .      Faith    .   (no shield)
rNeg    . . .      Spirit   .   c - +0 leather armour
rPois   .          Reflect  .   (helmet unavailable)
rElec   .          Harm     .   (no cloak)
rCorr   .          Rampage  .   (no gloves)
Will    .....                   (no boots)
Stlth   ++........              (no amulet)
HPRegen 0.13/turn               (no ring)
MPRegen 0.09/turn               (no ring)

@: no status effects
A: permanent stasis, dig shafts and tunnels, antennae 3, four strong arms,
clumsy 1
a: Dig, Shaft Self, Renounce Religion, Potion Petition, Call Merchant, Bribe
Branch


You were on level 4 of the Dungeon.
You worshipped Gozag.
Gozag was aware of your devotion.
You visited 1 branch of the dungeon, and saw 4 of its levels.

You collected 287 gold pieces.
You paid 50 gold pieces to Gozag.

Inventory:

Hand Weapons
 a - a +1 shortbow (weapon)
Armour
 c - a +0 leather armour (worn)
Wands
 d - a wand of flame (6)
Scrolls
 b - a scroll of immolation
Potions
 h - 3 potions of curing {unknown}
 i - a potion of brilliance


   Skills:
 + Level 3.5 Fighting
 + Level 4.7 Ranged Weapons
 + Level 3.0 Dodging
 + Level 3.3 Stealth


You had 4 spell levels left.
You didn't know any spells.
Your spell library contained the following spells:

 Spells                   Type           Power      Damage    Failure   Level
 Necrotise                Necr           0%         1d4       54%         1
 Sublimation of Blood     Necr           0%         N/A       67%         2
 Wereblood                Tmut           0%         N/A       67%         2
 Dazzling Flash           Conj/Hex       0%         N/A       88%         3
 Iskenderun's Mystic Bla  Conj/Tloc      0%         2d3       99%         4
 Starburst                Conj/Fire      0%         6d3       100%        6
 Summon Hydra             Summ           0%         N/A       100%        7


Dungeon Overview and Level Annotations

Branches:
Dungeon (4/15)
 Temple: D:4-7

Altars:
Gozag
Trog
Yredelemnul
Zin


Innate Abilities, Weirdness & Mutations

You cannot be hasted, slowed, berserked, paralysed or teleported.
You can dig through walls and to a lower floor.
You have a pair of large antennae on your head. (SInv)
Your four strong arms can wield two-handed weapons with a shield.
You are clumsy. (Dex -2)


Message History

The orc closely misses you.
You climb downwards.
The adder hisses angrily.
Found 4 gold pieces.
There is a stone staircase leading up here.
You clumsily bash the orc but do no damage.
The orc hits you with a +0 club.
You clumsily bash the orc but do no damage.
The orc closely misses you. The adder bites you.
The orc hits you but does no damage.
You closely miss the orc. The adder misses you.
The adder bites you but does no damage. The orc hits you with a +0 club.
You clumsily bash the orc but do no damage.
The adder bites you but does no damage. The orc hits you with a +0 club.
The hobgoblin barely misses you. The adder barely misses you.
The orc misses you. The hobgoblin barely misses you.
You completely miss the orc. The adder bites you. The adder closely misses you.
The orc hits you with a +0 club. The hobgoblin hits you.
You barely miss the orc. The adder bites you.
* * * LOW HITPOINT WARNING * * *
You are poisoned.
The adder poisons you! The orc hits you but does no damage.
The hobgoblin barely misses you. The adder barely misses you.
The orc barely misses you. The hobgoblin misses you.
You closely miss the orc.
You feel sick. The adder misses you. The orc closely misses you.
The adder closely misses you. The hobgoblin hits you.
* * * LOW HITPOINT WARNING * * *
You closely miss the orc.
* * * LOW HITPOINT WARNING * * *
You feel sick. The adder barely misses you. The orc misses you.
The hobgoblin closely misses you. The adder bites you but does no damage.
The orc closely misses you. The hobgoblin misses you.
You clumsily bash the orc but do no damage.
* * * LOW HITPOINT WARNING * * *
You feel sick.
You are no longer poisoned.
The adder bites you.
You die...
Your body crumbles into a pile of gold.

# #. ##.# #
.#.... ##.###
......# #.....#
......S#......#
#@g.....#
......o.#.....#
..#.###.# ....#
#.. .... ...
#$# $ #### . $


You could see an adder, an orc and a hobgoblin.

Vanquished Creatures
  An orc priest (D:3)
  5 adders
  2 dart slugs
  2 orcs (D:3)
  6 endoplasms
  8 giant cockroaches
  4 goblins
  8 hobgoblins
  8 jackals
  10 quokkas
  5 ball pythons
  7 bats
  7 frilled lizards
  7 kobolds
  5 rats
85 creatures vanquished.

Vanquished Creatures (others)
  A fungus (D:3)
  A plant (D:3)
2 creatures vanquished.

Grand Total: 87 creatures vanquished

Notes
Turn   | Place    | Note
-------+----------+-------------------------------------------
     0 | D:1      | jamestheduck25 the Formicid Hunter began the quest for the
                  | Orb.
     0 | D:1      | Reached XP level 1. HP: 16/16 MP: 1/1
   114 | D:1      | Reached XP level 2. HP: 23/23 MP: 2/2
   247 | D:1      | Reached XP level 3. HP: 28/28 MP: 3/3
   956 | D:2      | Reached XP level 4. HP: 32/34 MP: 4/4
  1431 | D:2      | Found Delenad's Armour Boutique.
  1585 | D:2      | Gained mutation: You are clumsy. (Dex -2) [potion of
                  | mutation]
  1664 | D:3      | Reached XP level 5. HP: 41/41 MP: 5/5
  1697 | D:3      | Found an opulent altar of Gozag.
  1697 | D:3      | Found a bloodstained altar of Trog.
  1699 | D:3      | Found a basalt altar of Yredelemnul.
  1700 | D:3      | Found a glowing silver altar of Zin.
  1719 | D:3      | Became a worshipper of Gozag Ym Sagoz the Greedy
  1822 | D:3      | Found a glowing drain.
  1901 | D:3      | Found a faded altar of an unknown god.
  1907 | D:3      | Got Plato's Compilation of Dark Secrets
  2526 | D:4      | HP: 2/41 [poisoned by an adder]
  2527 | D:4      | Slain by an adder

Illustrated notes

Levels and vault maps discovered:
D:1:      co_arrival_square_in_a_square_in_a_square, layout_basic,
          corexii_corridor_pit
D:2:      layout_rooms, serial_forest, infiniplex_forest_clump_medium,
          infiniplex_forest_clump_small, infiniplex_forest_lined_4_way,
          infiniplex_forest_straight_2, infiniplex_forest_clump_medium,
          infiniplex_forest_lined_4_way, infiniplex_forest_straight_2,
          serial_shops, shop, kennysheep_boxes
D:3:      layout_basic, chequers_temple_overflow_statue_of_worship,
          shapermc_ecumenical_altar_rom_forum, gup_sewer_entry_pipe,
          gammafunk_ghost_smash
D:4:      layout_loops_ring, nicolae_qazlal_eye_of_the_storm,
          mainiacjoe_overflow_catwalk, uniq_crazy_yiuf_cottage

Skill      XL: |  1  2  3  4  5 |
---------------+----------------+-----
Dodging        | 2 3 |  3.0
Stealth        | 2 3 |  3.3
Fighting       | 3 |  3.5
Ranged Weapons | |  4.7

Action                   |  1- 3 |  4- 6 || total
-------------------------+-------+-------++-------
Melee: Shortbow          |       |    11 ||    11
 Fire: Shortbow          |    82 |   133 ||   215
 Abil: Dig               |       |     3 ||     3
  Use: Scroll            |       |     7 ||     7
       Potion            |       |     5 ||     5
Armor: Leather armour    |     5 |    22 ||    27
Dodge: Dodged            |    22 |    60 ||    82
